 Dungeon Crawl Stone Soup version 0.21.1-1-g345015f (webtiles) character file.

10222 chubbie the Whirler (level 11, -2/62 HPs)
             Began as a Halfling Hunter on July 14, 2018.
             Was a Priest of Hepliaklqana.
             Slain by a spriggan (9 damage)
             ... on level 1 of the Lair of Beasts.
             The game lasted 02:51:24 (13115 turns).

chubbie the Whirler (Halfling Hunter)              Turns: 13115, Time: 02:51:25

Health: -2/62      AC:  5    Str: 13    XL:     11   Next: 89%
Magic:  11/11      EV: 16    Int:  9    God:    Hepliaklqana [***...]
Gold:   284        SH:  2    Dex: 19    Spells: 8/10 levels left

rFire    . . .     SeeInvis .   t - +2 short sword (flame)
rCold    x . .     Gourm    .   (shield restricted)
rNeg     . . .     Faith    .   b - +0 leather armour "Ysot" {+Inv rF- MR+}
rPois    .         Spirit   .   (no helmet)
rElec    .         Reflect  +   (no cloak)
rCorr    .         Harm     .   h - +0 pair of gloves
MR       +....                  (no boots)
Stlth    +++.......             v - +2 amulet of reflection
HPRegen  0.20/turn              C - ring of stealth
MPRegen  0.12/turn              q - ring of fire

@: hasted, very quick
A: small, reduced essence, frail 1, mutation resistance 1, screaming 1
a: Recall Ancestor, Ancestor Identity, Transference, Renounce Religion, Evoke
Invisibility


You were on level 1 of the Lair of Beasts.
You worshipped Hepliaklqana.
Hepliaklqana was most pleased with you.
You were not hungry.

You visited 3 branches of the dungeon, and saw 11 of its levels.

You collected 476 gold pieces.
You spent 192 gold pieces at shops.

Inventory:

Hand Weapons
 a - a +3 hunting sling
 s - a +0 blowgun
 t - a +2 short sword of flaming (weapon)
Missiles
 j - 176 stones (quivered)
 k - 11 sling bullets
 u - 14 poisoned needles
Armour
 b - the +0 leather armour "Ysot" (worn) {+Inv rF- MR+}
   (You found it on level 8 of the Dungeon)

   It makes you vulnerable to fire.
   It affects your resistance to hostile enchantments.
   It lets you turn invisible.
 h - a +0 pair of gloves (worn)
 x - +1 storm dragon scales
Jewellery
 q - a ring of fire (right hand)
 v - a +2 amulet of reflection (around neck)
 w - an uncursed amulet of faith
 C - a ring of stealth (left hand)
 E - a cursed -2 ring of dexterity {unknown}
Wands
 B - a wand of scattershot (4)
 F - a wand of polymorph (1)
Scrolls
 d - 3 scrolls of amnesia
 o - 3 scrolls of remove curse
 r - a scroll of magic mapping
 D - 2 scrolls of identify
 G - a scroll of immolation
Potions
 c - a potion of mutation
 g - 2 potions of flight
 l - 3 potions of lignification
 m - a potion of berserk rage
Books
 e - a book of Necromancy

   Spells                             Type                      Level
   a - Pain                           Necromancy                   1
   b - Animate Skeleton               Necromancy                   1
   c - Vampiric Draining              Necromancy                   3
   d - Regeneration                   Charms/Necromancy            3
   e - Animate Dead                   Necromancy                   4
   f - Borgnjor's Vile Clutch         Necromancy/Earth             5
 i - a book of Misfortune

   Spells                             Type                      Level
   a - Confusing Touch                Hexes                        1
   b - Confuse                        Hexes                        3
   c - Gell's Gravitas                Translocation                3
   d - Petrify                        Transmutation/Earth          4
   e - Metabolic Englaciation         Hexes/Ice                    5
   f - Yara's Violent Unravelling     Hexes/Transmutation          5
 y - a book of Cantrips

   Spells                             Type                      Level
   a - Confusing Touch                Hexes                        1
   b - Animate Skeleton               Necromancy                   1
   c - Summon Small Mammal            Summoning                    1
   d - Apportation                    Translocation                1
 A - a book of Misfortune

   Spells                             Type                      Level
   a - Confusing Touch                Hexes                        1
   b - Confuse                        Hexes                        3
   c - Gell's Gravitas                Translocation                3
   d - Petrify                        Transmutation/Earth          4
   e - Metabolic Englaciation         Hexes/Ice                    5
   f - Yara's Violent Unravelling     Hexes/Transmutation          5
Comestibles
 f - 9 rations


   Skills:
 + Level 8.4 Fighting
 + Level 2.8 Short Blades
 * Level 18.3 Slings
 - Level 0.9(9.1) Throwing
 + Level 6.3 Armour
 + Level 3.3 Dodging
 + Level 3.3 Stealth
 + Level 0.4 Spellcasting
 - Level 0.2 Summonings


You had 8 spell levels left.
You knew the following spells:

 Your Spells              Type           Power        Failure   Level  Hunger
a - Summon Small Mammal   Summ           #...         41%         1    ##.....
b - Apportation           Tloc           #.....       43%         1    ##.....


Dungeon Overview and Level Annotations

Branches:
Dungeon (9/15)             Temple (0/1) D:5            Lair (1/6) D:8
    Orc (1/2) D:9

Altars:
Hepliaklqana
Qazlal
Zin
Beogh

Shops:
D:8 =

Annotations:
D:6 Th3D0c's ghost, novice MiBe


Innate Abilities, Weirdness & Mutations

You are small and have problems with some larger weapons.
You are somewhat resistant to further mutation.
Your life essence is reduced to manifest your ancestor. (-10% HP)
You are frail. (-10% HP)
You occasionally shout uncontrollably at your foes.


Message History

Servius hits the hippogriff with a flail.
The hippogriff closely misses Servius.
Servius blocks the hippogriff's attack.
The hippogriff claws Servius but does no damage.
You hit the yak. You burn the yak.
The yak is lightly wounded.
The yak gores you!
* * * LOW HITPOINT WARNING * * *
Okay, then.
Aiming: Polymorph
Press: ? - help, Shift-Dir - straight line, f - yak, p - hippogriff
Aim: a yak (chance to defeat MR: 46%)
The yak evaporates and reforms as a spriggan!
The hippogriff bites Servius.
The hippogriff pecks Servius but does no damage.
The hippogriff claws Servius but does no damage.
Servius hits the hippogriff with a flail.
Okay, then.
The hippogriff bites Servius but does no damage.
Servius blocks the hippogriff's attack. x2; The spriggan hits you!
You die...

.....##....### ###.##....(......#
.....#.....# .+...#.......$.
...........## .##..#.........
.....##.....# ##Y.#.........
####'##.....+ ...#R.......#
####'##รท...## ##..#.........
...........# ##..#........#
...........#########Y..##.P...##
..............HR@i.YY............
##########.##########..#####P.###
# ### #### ###


You could see the friendly Servius the knight, a hippogriff, 3 yaks and a
spriggan.

Vanquished Creatures
  Pikel (D:5)
  A manticore (D:9)
  A spiny frog (Lair:1)
  A komodo dragon (Lair:1)
  A hippogriff (Lair:1)
  7 yaks (Lair:1)
  A wyvern (D:8)
  Sigmund (D:2)
  A hungry ghost (D:8)
  2 wargs (D:8)
  2 water moccasins (Lair:1)
  2 porcupines (Lair:1)
  An ice beast (D:5)
  2 black bears (D:8)
  An eye of draining (D:8)
  2 sky beasts (D:9)
  3 slaves
  2 phantoms
  2 orc warriors (D:9)
  3 ogres
  The ghost of Wendigo the Poker, an amateur DsGl (D:3)
  A wolf (D:8)
  3 centaurs (D:6)
  A big kobold (D:8)
  A crocodile (Lair:1)
  6 bullfrogs
  A water moccasin skeleton (D:6)
  5 killer bees
  A howler monkey (D:5)
  4 hounds
  4 orc priests
  3 jellies
  2 bullfrog skeletons (D:5)
  Terence (D:3)
  2 iguanas
  Natasha (twice) (D:2)
  10 orc wizards
  4 worker ants
  A worker ant zombie (D:6)
  5 gnolls
  10 adders
  2 shadow imps
  2 adder skeletons
  6 worms
  A dart slug (D:1)
  3 leopard geckos
  27 orcs
  3 ball pythons
  7 bats
  2 giant cockroaches
  5 goblins
  6 hobgoblins
  3 jackals (D:4)
  5 quokkas
  2 frilled lizards
  14 kobolds
  A quokka zombie (D:6)
  6 rats
200 creatures vanquished.

Vanquished Creatures (collateral kills)
  2 two-headed ogres (D:8)
  A hippogriff (D:8)
  2 hungry ghosts (D:8)
  Grum (D:8)
  A warg (D:8)
  A water moccasin (Lair:1)
  2 orc warriors (D:8)
  A phantom (D:8)
  A necrophage (D:8)
  A wolf (D:8)
  7 killer bees
  2 orc priests
  Crazy Yiuf (D:5)
  A hound (D:5)
  4 orc wizards
  2 iguanas (D:5)
  2 gnolls
  2 adder zombies
  An adder skeleton (D:8)
  A leopard gecko (D:5)
  3 orcs
  A jackal skeleton (D:6)
  2 kobolds (D:8)
42 creatures vanquished.

Vanquished Creatures (others)
  A slave (D:6)
  3 knights
  5 ancestors
  A plant (D:8)
10 creatures vanquished.

Grand Total: 252 creatures vanquished

Notes
Turn   | Place    | Note
-------+----------+-------------------------------------------
     0 | D:1      | chubbie the Halfling Hunter began the quest for the Orb.
     0 | D:1      | Reached XP level 1. HP: 14/14 MP: 1/1
   273 | D:2      | Noticed Sigmund
   283 | D:2      | Killed Sigmund
   283 | D:2      | Reached skill level 8 in Slings
   283 | D:2      | Reached XP level 2. HP: 7/19 MP: 2/2
   283 | D:2      | Reached XP level 3. HP: 9/24 MP: 3/3
   283 | D:2      | Reached XP level 4. HP: 10/29 MP: 4/4
   283 | D:2      | Reached XP level 5. HP: 12/34 MP: 5/5
   708 | D:2      | Noticed Natasha
   715 | D:2      | Killed Natasha
   715 | D:2      | Reached skill level 9 in Slings
   790 | D:2      | Noticed Natasha
   800 | D:2      | Killed Natasha
   800 | D:2      | Reached XP level 6. HP: 30/39 MP: 6/6
  1529 | D:3      | Noticed Wendigo's ghost (amateur DsGl)
  1837 | D:1      | Reached skill level 1 in Armour
  2375 | D:3      | Killed Wendigo's ghost
  2375 | D:3      | Reached skill level 10 in Slings
  2375 | D:3      | Reached XP level 7. HP: 37/45 MP: 7/7
  2750 | D:3      | Noticed Terence
  2802 | D:3      | Killed Terence
  3343 | D:4      | Found a glowing drain.
  3468 | D:4      | Found a hazy altar of Hepliaklqana.
  3484 | D:4      | Became a worshipper of Hepliaklqana the Forgotten
  4103 | D:5      | Entered Level 5 of the Dungeon
  4111 | D:5      | Found a glowing silver altar of Zin.
  4367 | D:4      | Reached skill level 1 in Short Blades
  4438 | D:5      | Reached skill level 11 in Slings
  4486 | D:5      | Reached XP level 8. HP: 46/46 MP: 8/8
  4837 | D:5      | Found a staircase to the Ecumenical Temple.
  4980 | D:5      | Reached skill level 12 in Slings
  5236 | D:5      | Reached * piety under Hepliaklqana
  5326 | D:5      | Found a runed door.
  5331 | D:5      | Noticed Crazy Yiuf
  5348 | D:5      | Killed Crazy Yiuf
  5599 | D:6      | Noticed Th3D0c's ghost (novice MiBe)
  5855 | D:6      | Noticed Pikel
  6665 | D:5      | Killed Pikel
  6665 | D:5      | Reached skill level 13 in Slings
  6665 | D:5      | Reached XP level 9. HP: 30/53 MP: 9/9
  7048 | D:6      | Reached skill level 5 in Fighting
  7868 | D:6      | Found a stormy altar of Qazlal.
  8119 | D:7      | Learned a level 1 spell: Summon Small Mammal
  8121 | D:7      | Learned a level 1 spell: Apportation
  8154 | D:7      | Reached skill level 14 in Slings
  8863 | D:7      | Reached ** piety under Hepliaklqana
  8864 | D:7      | Remembered your ancestor Servius as a knight
  8902 | D:7      | Reached XP level 10. HP: 37/61 MP: 10/10
  9285 | D:8      | Noticed a two-headed ogre
  9387 | D:8      | Killed a two-headed ogre
  9387 | D:8      | Reached skill level 15 in Slings
  9387 | D:8      | Reached skill level 5 in Armour
  9640 | D:8      | Noticed Grum
  9654 | D:8      | Killed Grum
  9699 | D:8      | Found Notylats's Jewellery Emporium.
  9707 | D:8      | Bought an uncursed ring of stealth for 192 gold pieces
  9876 | D:8      | Reached skill level 16 in Slings
  9948 | D:8      | Found a staircase to the Lair.
  9968 | D:8      | Reached XP level 11. HP: 67/67 MP: 11/11
 10383 | D:9      | Noticed a two-headed ogre
 11018 | D:8      | Got a faintly humming leather armour
 11029 | D:8      | Identified the +0 leather armour "Ysot" {+Inv rF- MR+} (You found it on level 8 of the Dungeon)
 11075 | D:8      | Killed a two-headed ogre
 11075 | D:8      | Reached skill level 17 in Slings
 11575 | D:9      | Noticed a manticore
 11585 | D:9      | Killed a manticore
 11852 | D:9      | Found a staircase to the Orcish Mines.
 12344 | Orc:1    | Entered Level 1 of the Orcish Mines
 12344 | Orc:1    | Found a roughly hewn altar of Beogh.
 12344 | Orc:1    | Noticed an orc knight
 12573 | Lair:1   | Entered Level 1 of the Lair of Beasts
 12585 | Lair:1   | Reached *** piety under Hepliaklqana
 12916 | Lair:1   | Reached skill level 18 in Slings
 13107 | Lair:1   | Gained mutation: You are frail. (-10% HP) [potion of mutation]
 13107 | Lair:1   | Gained mutation: You occasionally shout uncontrollably at your foes. [potion of mutation]
 13115 | Lair:1   | Slain by a spriggan

Skill      XL: |  1  2  3  4  5  6  7  8  9 10 11 |
---------------+----------------------------------+-----
Fighting       | 2 3 4 5 7 8 |  8.4
Slings         | 8 9 10 11 13 14 16 18 | 18.3
Armour         | 1 3 4 5 6 |  6.3
Short Blades   | 1 2 |  2.8
Dodging        | 3 |  3.3
Stealth        | 2 3 |  3.3
Throwing       | |  0.9
Spellcasting   | |  0.4
Summonings     | |  0.2

Action                   |  1- 3 |  4- 6 |  7- 9 | 10-12 || total
-------------------------+-------+-------+-------+-------++-------
Melee: Short sword       |       |       |    94 |     3 ||    97
 Fire: Hunting sling     |    10 |   145 |   450 |   396 ||  1001
Throw: Stone             |       |       |     3 |     1 ||     4
Invok: Recall Ancestor   |       |       |    14 |     7 ||    21
       Ancestor Life: Kn |       |       |     1 |       ||     1
       Transference      |       |       |       |     1 ||     1
Evoke: Wand              |       |       |       |     3 ||     3
  Use: Scroll            |       |     8 |    12 |     8 ||    28
       Potion            |       |       |     4 |     7 ||    11
 Stab: Distracted        |       |       |     1 |       ||     1
  Eat: Ration            |       |     1 |     6 |     4 ||    11
       Chunk             |       |       |       |     2 ||     2
Armor: Leather armour    |       |     1 |       |    10 ||    11
       Ring mail         |       |    19 |    16 |       ||    35
       Storm dragon scal |       |       |   105 |     9 ||   114
       Skin              |       |       |     8 |       ||     8
Dodge: Dodged            |     2 |    58 |   130 |    65 ||   255
Block: Other             |       |       |    11 |     7 ||    18
       Reflection        |       |       |     1 |       ||     1
